 Dungeon Crawl Stone Soup version 0.22-a0-348-gd16d1391c7 (webtiles) character file.

241 Manul the Covert (level 5, -4/39 HPs)
             Began as a Vampire Assassin on Apr 7, 2018.
             Killed by divine providence
             ... invoked by an orc priest
              (12 damage)
             ... on level 4 of the Dungeon.
             The game lasted 00:03:45 (4684 turns).

Manul the Covert (Vampire Assassin)                 Turns: 4684, Time: 00:03:46

Health: -4/39      AC:  0    Str: 10    XL:     5   Next: 80%
Magic:  3/5        EV: 19    Int: 14    God:
Gold:   166        SH:  0    Dex: 21    Spells: 4/4 levels left

rFire    . . .     SeeInvis +   (weapon currently unavailable)
rCold    + . .     Gourm    .   (shield currently unavailable)
rNeg     + + .     Faith    .   (armour currently unavailable)
rPois    +         Spirit   .   (helmet currently unavailable)
rElec    .         Reflect  .   (cloak currently unavailable)
rCorr    .         Harm     .   (gloves currently unavailable)
MR       .....                  (boots currently unavailable)
Stlth    ++++++....             (no amulet)
HPRegen  0.06/turn              (ring currently unavailable)
MPRegen  0.09/turn              (ring currently unavailable)

@: bat-form, flying, regenerating slowly, slowed, quick
A: tiny, fangs 3, see invisible
a: End Transformation


You were on level 4 of the Dungeon.
You were near bloodless.
You were in vampire-bat-form.
You visited 1 branch of the dungeon, and saw 4 of its levels.

You collected 166 gold pieces.

Inventory:

Hand Weapons
 a - a +3 dagger (melded)
 b - a +0 blowgun
Missiles
 e - 18 poisoned needles
 f - 2 curare-tipped needles
 E - 2 throwing nets (quivered)
Armour
 c - a +0 robe
 d - a +0 cloak (melded)
 l - a +0 leather armour
 n - a cursed +0 shield
 p - a +0 ring mail
 D - a +0 ring mail (melded)
Jewellery
 u - a ring of protection from cold (melded)
Wands
 C - a wand of paralysis (15)
Scrolls
 h - 2 scrolls of blinking
 k - 4 scrolls of remove curse
 r - 2 scrolls of identify
 t - 2 scrolls of fog {unknown}
 w - a scroll of amnesia {unknown}
 x - a scroll of enchant armour {unknown}
 y - a scroll of teleportation {unknown}
Potions
 g - 16 potions of blood
 i - a potion of magic {unknown}
 j - 5 potions of heal wounds {unknown}
 m - 3 potions of haste {unknown}
 o - a potion of berserk rage {unknown}
 q - a potion of agility {unknown}
 v - a potion of resistance {unknown}
 z - a potion of lignification {unknown}
 A - 2 potions of curing
 F - 2 potions of might {unknown}


   Skills:
 + Level 2.3 Fighting
 + Level 3.5 Short Blades
 + Level 1.5 Throwing
 + Level 1.3 Armour
 + Level 1.7 Dodging
 + Level 8.9 Stealth


You had 4 spell levels left.
You didn't know any spells.

Dungeon Overview and Level Annotations

Branches:
Dungeon (4/15)
 Temple: D:4-7

Altars:
Qazlal
Sif Muna


Innate Abilities, Weirdness & Mutations

You heal slowly.
You have razor-sharp teeth.
You have supernaturally acute eyesight. (SInv)
((You can survive without breathing.))


Message History

Your ring of protection from cold melds into your body.
The orc wizard points at you and mumbles some strange words.
You feel yourself slow down.
The orc wizard gestures at you while chanting.
The magic dart hits you!
* * * LOW HITPOINT WARNING * * *
The orc priest looks satisfied for a moment.
The orc wizard barely misses you.
Found a thick jewelled staff.
You see here a morningstar.
The orc wizard casts a spell.
The orc wizard blinks!
The orc wizard misses you.
The orc wizard gestures at you while chanting.
You resist with some effort.
The orc wizard hits you but does no damage.
The orc wizard closely misses you. The orc wizard completely misses you.
The orc priest invokes the aid of Beogh against you.
Beogh smites you!
You die...

..=..... ...$...
..... ....### .>#..
#.####.#.#
#......#.##
#####...oo#########
#...#.ob..|...# #
####..oo.#######.#
#.####.......##
#..........###
#..........# .#
####
##.###.##..######
#.# #...
#.##.(.....# #.#
#.## #.##.#####.#
#.# #.# #.##.# #.#
#.# #.#


You could see an orc priest, 2 orc wizards and 2 orcs.

Vanquished Creatures
  A hound (D:4)
  An orc wizard (D:3)
  A worker ant (D:4)
  3 adders (D:2)
  3 gnolls (D:3)
  An ooze (D:1)
  4 worms
  A dart slug (D:2)
  2 leopard geckos
  8 orcs (D:3)
  5 giant cockroaches
  5 hobgoblins
  3 jackals (D:1)
  7 kobolds
  3 quokkas
  8 bats
  5 frilled lizards
  11 goblins
  10 rats
82 creatures vanquished.

Notes
Turn   | Place    | Note
-------+----------+-------------------------------------------
     0 | D:1      | Manul the Vampire Assassin began the quest for the Orb.
     0 | D:1      | Reached XP level 1. HP: 16/16 MP: 1/1
    39 | D:1      | Reached skill level 6 in Stealth
   341 | D:1      | Reached XP level 2. HP: 6/22 MP: 2/2
   357 | D:1      | HP: 1/22 [jackal (3)]
  1105 | D:1      | Reached skill level 7 in Stealth
  1116 | D:1      | Reached XP level 3. HP: 27/27 MP: 3/3
  1756 | D:2      | Reached XP level 4. HP: 17/33 MP: 4/4
  3171 | D:3      | Reached skill level 1 in Armour
  3487 | D:3      | Reached XP level 5. HP: 38/38 MP: 5/5
  3491 | D:3      | Reached skill level 8 in Stealth
  4121 | D:3      | Found a deep blue altar of Sif Muna.
  4121 | D:3      | Found a stormy altar of Qazlal.
  4684 | D:4      | Killed from afar by an orc priest

Vault maps used:
D:1:      doesnt_arrival_eight_statues, minivault_27
D:2:      first_ration
D:3:      gammafunk_temple_overflow_elements
D:4:      chequers_temple_overflow_minitemple

Skill      XL: |  1  2  3  4  5 |
---------------+----------------+-----
Stealth        | 6 7 8 |  8.9
Fighting       | 2 |  2.3
Armour         | 1 |  1.3
Short Blades   | 3 |  3.5
Throwing       | |  1.5
Dodging        | |  1.7

Action                   |  1- 3 |  4- 6 || total
-------------------------+-------+-------++-------
Melee: Dagger            |   128 |   145 ||   273
       Bite              |    12 |    13 ||    25
Throw: Throwing net      |       |     1 ||     1
 Abil: Bat Form          |       |     2 ||     2
       End Transformatio |       |     1 ||     1
  Use: Potion            |       |     4 ||     4
       Scroll            |       |     5 ||     5
 Stab: Sleeping          |    12 |    19 ||    31
Armor: Robe              |    15 |       ||    15
       Ring mail         |    20 |    46 ||    66
       Leather armour    |     6 |       ||     6
Dodge: Dodged            |    83 |    68 ||   151

Table legend:
 A = Spawn XP
 B = Non-spawn XP
 C = Spawn XP percentage of total XP
 D = Spawn monster count
 E = Non-spawn monster count
 F = Spawn count percentage of total count
 G = Total turns spent on level
                    A         B        C        D         E        F      G
               +---------+---------+-------+---------+---------+-------+---------
         Total |       0 |     345 |   0.0 |       0 |      82 |   0.0 |  4684
               +---------+---------+-------+---------+---------+-------+---------
           D:1 |       0 |      52 |   0.0 |       0 |      30 |   0.0 |  1474
           D:2 |       0 |      73 |   0.0 |       0 |      21 |   0.0 |  1383
           D:3 |       0 |     142 |   0.0 |       0 |      29 |   0.0 |  1622
           D:4 |       0 |      78 |   0.0 |       0 |       2 |   0.0 |   205
               +---------+---------+-------+---------+---------+-------+---------
